 Dungeon Crawl Stone Soup version 0.29-a0-360-g8ed1089bbe (webtiles) character file.

Game seed: 3719602902929765355

175 enile the Digger (level 5, -1/41 HPs)
             Began as a Formicid Earth Elementalist on Apr 29, 2022.
             Was an Initiate of Gozag.
             Slain by an orc
             ... wielding a +0 short sword
              (5 damage)
             ... on level 3 of the Dungeon.
             The game lasted 00:03:47 (2967 turns).

enile the Digger (Formicid Earth Elementalist)      Turns: 2967, Time: 00:03:48

Health: -1/41      AC:  2    Str: 13    XL:     5   Next: 85%
Magic:  6/9        EV: 12    Int: 16    God:    Gozag
Gold:   377        SH:  0    Dex: 11    Spells: 2/9 levels left

rFire   . . .      SeeInvis +   p - +0 dagger (venom)
rCold   . . .      Faith    .   (no shield)
rNeg    . . .      Spirit   .   b - +0 robe
rPois   .          Reflect  .   (helmet unavailable)
rElec   .          Harm     .   (no cloak)
rCorr   .          Rampage  .   (no gloves)
Will    .....                   (no boots)
Stlth   ++........              (no amulet)
HPRegen 0.13/turn               (no ring)
MPRegen 0.11/turn               (no ring)

@: gold aura
A: permanent stasis, dig shafts and tunnels, antennae 3, four strong arms
a: Dig, Shaft Self, Renounce Religion, Potion Petition, Call Merchant, Bribe
Branch


You were on level 3 of the Dungeon.
You worshipped Gozag.
Gozag was aware of your devotion.
You visited 1 branch of the dungeon, and saw 3 of its levels.

You collected 377 gold pieces.

Inventory:

Hand Weapons
 c - a +0 whip
 p - a +0 dagger of venom (weapon)
Missiles
 a - 28 stones
Armour
 b - a +0 robe (worn)
Scrolls
 e - a scroll of magic mapping
 f - a scroll of blinking {unknown}
 g - a scroll of noise {unknown}
 j - 2 scrolls of identify
 k - a scroll of immolation {unknown}
 m - a scroll of teleportation {unknown}
 o - a scroll of enchant weapon {unknown}
Potions
 d - a potion of curing {unknown}
 h - a potion of mutation {unknown}
 i - a potion of brilliance {unknown}
 l - 2 potions of cancellation {unknown}
 n - a potion of berserk rage {unknown}


   Skills:
 - Level 3.0 Fighting
 - Level 3.0 Dodging
 - Level 4.0 Stealth
 + Level 2.9 Spellcasting
 - Level 1.1 Transmutations
 - Level 4.0 Earth Magic


You had 2 spell levels left.
You knew the following spells:

 Your Spells              Type           Power      Damage    Failure   Level
a - Sandblast             Erth           30%        2d9       3%          1
b - Passwall              Tmut/Erth      8%         N/A       10%         2
c - Stone Arrow           Conj/Erth      16%        3d8       26%         3
d - Slow                  Hex            8%         N/A       19%         1

Your spell library contained the following spells:

 Spells                   Type           Power      Damage    Failure   Level
 Confusing Touch          Hex            2%         N/A       50%         3
 Vampiric Draining        Necr           2%         2d6       50%         3
 Petrify                  Tmut/Erth      10%        N/A       54%         4


Dungeon Overview and Level Annotations

Branches:
Dungeon (3/15)

Altars:
Fedhas
Gozag
Sif Muna

Shops:
D:1 !


Innate Abilities, Weirdness & Mutations

You cannot be hasted, slowed, berserked, paralysed or teleported.
You can dig through walls and to a lower floor.
You have a pair of large antennae on your head. (SInv)
Your four strong arms can wield two-handed weapons with a shield.


Message History

The orc is moderately wounded.
The orc wizard hits you with a +0 dagger.
The orc barely misses you.
Casting: Sandblast (safe; 3% risk of failure)
Confirm with . or Enter, or press ? or * to list all spells.
Aiming: Sandblast (safe; 3% risk of failure)
Press: ? - help, Shift-Dir - straight line, f - orc wizard
Aim: an orc wizard, wielding a +0 dagger and wearing a +0 robe (heavily wounded, slightly transparent, extremely poisoned, 74% to hit)
The blast of sand hits the orc wizard.
The orc wizard is severely wounded.
You kill the orc wizard!
The orc barely misses you.
Casting: Sandblast (safe; 3% risk of failure)
Confirm with . or Enter, or press ? or * to list all spells.
Aiming: Sandblast (safe; 3% risk of failure)
Press: ? - help, Shift-Dir - straight line, f - orc
Aim: an orc, wielding a +0 falchion and wearing a +0 leather armour (79% to hit)
The blast of sand hits the orc.
The orc is severely wounded.
The orc hits you with a +0 short sword. The orc closely misses you.
You closely miss the orc.
The orc is heavily wounded.
The orc closely misses you. The orc hits you with a +0 falchion.
Okay, then.
Casting: Sandblast (safe; 3% risk of failure)
Confirm with . or Enter, or press ? or * to list all spells.
Okay, then.
As you read the scroll labelled MEQASH QURUFIJ, it crumbles to dust.
It is a scroll of identify.
e - a scroll of magic mapping The orc hits you with a +0 short sword.
The orc hits you with a +0 falchion.
Are you sure you want to shaft yourself?
The orc hits you with a +0 short sword.
* * * LOW HITPOINT WARNING * * *
The orc hits you with a +0 falchion!
* * * LOW HITPOINT WARNING * * *
You begin to dig a shaft.
You continue digging a shaft.
The orc hits you with a +0 short sword.
You die...
Your body crumbles into a pile of gold.

#....##. ##....#..
....... #o...#
#....# ## #o #....#
..
#.###....#.####...##
#oo@o.....>.....P..
#######.###.##..P.#
#.# ...P.#
#'###+##..P.##
#.....#.......
#.###.#.....#
#.....#..._.#
+.._..')#...##
#.....#.#...##


You could see 3 orcs.

Vanquished Creatures
  A hound (D:2)
  Terence (D:2)
  An orc wizard (D:3)
  A gnoll (D:1)
  3 adders (D:2)
  A worm (D:2)
  2 dart slugs
  8 bats
  4 endoplasms
  3 giant cockroaches
  4 goblins
  6 hobgoblins
  2 jackals (D:2)
  6 kobolds
  6 ball pythons
  A frilled lizard (D:1)
  2 rats
52 creatures vanquished.

Notes
Turn   | Place    | Note
-------+----------+-------------------------------------------
     0 | D:1      | enile the Formicid Earth Elementalist began the quest for
                  | the Orb.
     0 | D:1      | Reached XP level 1. HP: 13/13 MP: 3/3
   225 | D:1      | Found Jeonoaz's Distillery.
   275 | D:1      | Reached XP level 2. HP: 20/20 MP: 3/5
   325 | D:1      | Reached skill level 1 in Fighting
   469 | D:1      | Found a faded altar of an unknown god.
   491 | D:1      | Prayed at the altar of an unknown god.
   491 | D:1      | Became a worshipper of Gozag Ym Sagoz the Greedy
   746 | D:1      | Reached XP level 3. HP: 27/28 MP: 1/6
  1379 | D:2      | Reached XP level 4. HP: 15/35 MP: 5/7
  1633 | D:2      | Noticed Terence
  1654 | D:1      | Learned a level 2 spell: Passwall
  1658 | D:1      | Learned a level 3 spell: Stone Arrow
  1950 | D:2      | Killed Terence
  1951 | D:2      | Reached XP level 5. HP: 35/41 MP: 1/8
  2169 | D:2      | Learned a level 1 spell: Slow
  2862 | D:3      | Found a blossoming altar of Fedhas.
  2937 | D:3      | Found a shimmering blue altar of Sif Muna.
  2967 | D:3      | Slain by an orc

Illustrated notes

Levels and vault maps discovered:
D:1:      minmay_arrival_stair_chambers, layout_basic, serial_shops,
          nicolae_shop_statue_plus, basic_ecumenical_altar, amethyst_killhole
D:2:      minmay_chambers_of_twos, layout_loops_ring, grunt_ministairs_14,
          uniq_terence
D:3:      layout_basic, mainiacjoe_overflow_six_doors_small,
          mainiacjoe_overflow_boulevard, nicolae_qazlal_general_emergency,
          lemuel_flame_loot_1

Skill      XL: |  1  2  3  4  5 |
---------------+----------------+-----
Earth Magic    | 4 |  4.0
Fighting       | 2 3 |  3.0
Dodging        | 2 3 |  3.0
Stealth        | 3 4 |  4.0
Spellcasting   | |  2.9
Transmutations | |  1.1

Action                   |  1- 3 |  4- 6 || total
-------------------------+-------+-------++-------
Melee: Unarmed           |     5 |       ||     5
       Whip              |    34 |    13 ||    47
       Dagger            |       |    14 ||    14
 Cast: Sandblast         |    22 |    48 ||    70
 Abil: Shaft Self        |       |     1 ||     1
  Use: Potion            |     1 |       ||     1
       Scroll            |       |     1 ||     1
 Stab: Sleeping          |     1 |       ||     1
Armor: Robe              |     3 |     7 ||    10
Dodge: Dodged            |    29 |    29 ||    58

Table legend: (Time is in decaauts)
 A = Elapsed time spent in this place.
 B = Non-inter-level travel time spent in this place.
 C = Inter-level travel time spent in this place.
 D = Time resting spent in this place.
 E = Time spent auto-exploring this place.
 F = Levels seen in this place.
 G = Mean time per level.
                   A        B        C        D        E       F      G
               +--------+--------+--------+--------+--------+-----+--------+
         Total |   2971 |   2819 |    152 |      0 |   2382 |   3 |  990.3 |
       Dungeon |   2971 |   2819 |    152 |      0 |   2382 |   3 |  990.3 |
               +--------+--------+--------+--------+--------+-----+--------+

Top non-repeatable levels by time:
     D:2: 1453 daAuts
     D:1: 1406 daAuts
     D:3: 110 daAuts
